AoeStats
← 暗夜惜黎

Black Forest

510273997Analyzed
4v4 RM · 3d ago on Sep 30, 2026· 52m 0s· 8 players
Game mode
Random Map
Map size
Large (8 player)
Population
200
Speed
Normal
Resources
Standard
Victory
Conquest
Starting age
Dark Age
Ending age
Imperial Age
RankedLock teamsTeams togetherTeam positionsShared explorationLock speedFull tech treeHidden civsTurbo modeCheats
Victory
Defeat
683
+15
🇬🇧 Britons · United Kingdom
661
+16
🇨🇳 Ethiopians · China
656
+16
🇨🇳 Vietnamese · China
628
+17
🇧🇷 Bohemians · Brazil
751
-19
740
-19
🇮🇳 Huns · India
587
-13
🇨🇳 Turks · China
575
-13
Nano
6:28 Loom
12:31 Feudal Age
13:50 Wheelbarrow
13:05 Double-Bit Axe
21:41 Castle Age
19:36 Gold Mining
21:24 Stone Mining
35:34 Hand Cart
35:33 Bow Saw
34:57 Crossbowman
37:09 Fletching
37:26 Padded Archer Armor
38:07 Masonry
38:18 Ballistics
38:27 Bodkin Arrow
38:48 Leather Archer Armor
43:52 Imperial Age
49:02 Imperial Age
46:57 Horse Collar
49:59 Heavy Plow
51:01 Two-Man Saw
50:43 Arbalester
打死你们这些外国人
1:06 Loom
13:42 Feudal Age
14:15 Double-Bit Axe
15:09 Wheelbarrow
14:19 Horse Collar
20:40 Stone Mining
20:46 Gold Mining
26:50 Castle Age
26:29 Forging
26:19 Scale Mail Armor
28:15 Bow Saw
30:30 Caravan
32:41 Hand Cart
32:17 Town Watch
33:28 Stone Shaft Mining
33:33 Gold Shaft Mining
37:08 Imperial Age
37:51 Fletching
38:37 Iron Casting
38:18 Chain Mail Armor
38:29 Ballistics
38:20 Fortified Wall
38:59 Heavy Plow
40:13 Chemistry
38:38 Heavy Scorpion
39:42 Conscription
41:34 Furor Celtica
42:07 Town Patrol
43:50 Bodkin Arrow
44:12 Siege Engineers
45:47 Onager
46:57 Siege Onager
Good night
2:22 Loom
15:21 Feudal Age
16:42 Double-Bit Axe
16:58 Gold Mining
16:59 Stone Mining
23:09 Castle Age
25:59 Caravan
30:39 Wheelbarrow
30:20 Bow Saw
29:56 Horse Collar
31:14 Heavy Plow
32:22 Hand Cart
35:33 Imperial Age
33:48 Treadmill Crane
34:19 Masonry
34:31 Ballistics
34:21 Fortified Wall
35:52 Scale Barding Armor
35:47 Scale Mail Armor
35:58 Forging
36:41 Elite Battle Elephant
37:46 Chain Barding Armor
37:42 Chain Mail Armor
37:34 Padded Archer Armor
37:25 Fletching
38:40 Chemistry
37:26 Arrowslits
37:40 Murder Holes
42:29 Plate Barding Armor
42:25 Plate Mail Armor
42:31 Iron Casting
41:55 Bodkin Arrow
50:53 Elite Rattan Archer
51:33 Chatras
51:54 Paper Money
暗夜惜黎
11:49 Feudal Age
12:18 Horse Collar
12:28 Double-Bit Axe
19:11 Wheelbarrow
23:09 Castle Age
21:26 Gold Mining
24:38 Gold Shaft Mining
24:05 Heavy Plow
24:19 Bow Saw
26:47 Caravan
27:58 Town Watch
28:35 Squires
28:21 Arson
31:46 Imperial Age
32:06 Hand Cart
33:50 Two-Man Saw
33:50 Hand Cart
35:12 Chemistry
36:24 Torsion Engines
38:58 Siege Engineers
39:27 Forging
40:23 Scale Mail Armor
43:07 Heavy Scorpion
betalbaadshah
6:00 Loom
18:40 Feudal Age
19:30 Double-Bit Axe
20:40 Wheelbarrow
20:23 Horse Collar
22:24 Town Watch
23:35 Gold Mining
23:40 Stone Mining
27:42 Castle Age
27:48 Scale Barding Armor
27:44 Padded Archer Armor
27:35 Fletching
34:58 Town Patrol
35:56 Bow Saw
35:53 Heavy Plow
37:20 Caravan
38:19 Gold Shaft Mining
39:24 Hand Cart
39:49 Marauders
41:52 Arson
42:07 Squires
41:27 Pikeman
Ghutz
15:05 Feudal Age
22:04 Castle Age
27:20 Imperial Age
24:51 Double-Bit Axe
24:54 Horse Collar
27:43 Loom
27:44 Town Watch
32:11 Wheelbarrow
32:09 Bow Saw
33:21 Caravan
33:28 Heavy Plow
34:25 Hand Cart
37:17 Chemistry
38:41 Elite Hussite Wagon
40:53 Two-Man Saw
40:43 Pikeman
41:23 Squires
41:09 Arson
42:17 Halberdier
DrakeTheThief
0:27 Loom
12:13 Feudal Age
20:06 Castle Age
19:04 Stone Mining
18:58 Horse Collar
19:05 Double-Bit Axe
20:51 Squires
23:56 Bloodlines
23:46 Husbandry
27:07 Gold Mining
27:29 Bow Saw
35:57 Imperial Age
33:47 Fletching
33:57 Padded Archer Armor
34:06 Caravan
37:35 Ballistics
37:01 Arrowslits
37:36 Bombard Tower
37:57 Wheelbarrow
37:07 Town Watch
38:29 Heavy Plow
39:16 Conscription
39:47 Hand Cart
39:32 Town Patrol
40:40 Gold Shaft Mining
40:53 Town Patrol
41:30 Heavy Camel Rider
43:56 Two-Man Saw
43:23 Elite Janissary
46:32 Artillery
47:13 Hoardings
48:50 Forging
48:40 Scale Mail Armor
48:45 Scale Barding Armor
48:35 Bodkin Arrow
48:56 Leather Archer Armor
50:47 Masonry
50:48 Fortified Wall
japs cancel meal for starvation
6:20 Loom
19:30 Feudal Age
22:28 Feudal Age
24:08 Wheelbarrow
23:25 Gold Mining
23:26 Stone Mining
23:23 Double-Bit Axe
23:19 Horse Collar
26:25 Castle Age
27:43 Bow Saw
27:35 Heavy Plow
27:52 Hand Cart
28:35 Stone Shaft Mining
31:31 Imperial Age
28:53 Fletching
29:09 Padded Archer Armor
29:46 Bodkin Arrow
30:47 Ballistics
31:18 Leather Archer Armor
31:59 Thumb Ring
32:08 Bloodlines
31:58 Husbandry
33:14 Conscription
34:34 Chemistry
36:47 Bracer
37:55 Ring Archer Armor
40:40 Heavy Mounted Crossbowman
Connection lost

Rejoining the realm…

Still unreachable

The connection could not be restored.

Session expired

The server has moved on; the page needs a fresh start.